 Dungeon Crawl Stone Soup version 0.30-b1-2-g02819fbbbe (webtiles) character file.

Game seed: 15512329880603622144

23663 manyhoops the Covert (level 12, -4/100 HPs)
             Began as a Demigod Earth Elementalist on Nov 23, 2023.
             Slain by a wolf spider (14 damage)
             ... on level 2 of the Lair of Beasts on Nov 24, 2023.
             The game lasted 00:34:28 (15399 turns).

manyhoops the Covert (Demigod Earth Elementalist)  Turns: 15399, Time: 00:34:29

Health: -4/100     AC: 10    Str: 13    XL:     12   Next: 40%
Magic:  1/24       EV:  8    Int: 31    God:
Gold:   375        SH:  0    Dex: 21    Spells: 10/21 levels left

rFire   . . .        C - +5 triple sword "Sit Zaw" {drain, rC+ Str+4 Int-2 Dex+7}
rCold   + . .        (shield currently unavailable)
rNeg    . . .        L - +0 troll leather armour
rPois   .            D - +2 helmet
rElec   .            H - +2 cloak
rCorr   .            (no gloves)
SInv    +            (no boots)
Will    +....        m - amulet of reflection
Stlth   +++++        a - ring of see invisible
HPRegen 1.16/turn    Y - ring of flight
MPRegen 0.19/turn

%: reflection
@: lethally poisoned (-4 -> -45), freezing walls, flying, very slightly
contaminated, held
A: high MP 1, forlorn, divine attributes, mutation resistance 1, wild magic 1
a: no special abilities


You were on level 2 of the Lair of Beasts.
You visited 2 branches of the dungeon, and saw 13 of its levels.
You also visited: Bailey.

You collected 899 gold pieces.
You spent 524 gold pieces at shops.

Inventory:

Hand Weapons
 t - a +2 short sword of venom
 C - the +5 triple sword "Sit Zaw" (weapon) {drain, rC+ Str+4 Int-2 Dex+7}
   (You took it off an orc in a bailey)

   Str:       It affects your strength (+4).
   Int:       It affects your intelligence (-2).
   Dex:       It affects your dexterity (+7).
   rC:        It protects you from cold.
Armour
 D - a +2 helmet (worn)
 H - a +2 cloak (worn)
 L - a +0 troll leather armour (worn)
 M - +0 steam dragon scales
 Q - a +2 robe of cold resistance
 X - a +1 chain mail of cold resistance
Jewellery
 a - a ring of see invisible (left hand)
 j - an amulet of magic regeneration
 m - an amulet of reflection (around neck)
 u - a ring of ice
 O - an amulet of the acrobat
 Y - a ring of flight (right hand)
Wands
 c - a wand of mindburst (16)
 A - a wand of flame (29)
 G - a wand of paralysis (17)
 R - a wand of digging (6)
 T - a wand of iceblast (2)
Scrolls
 g - 2 scrolls of immolation
 h - 6 scrolls of vulnerability
 i - 2 scrolls of poison
 k - 3 scrolls of enchant armour
 l - 8 scrolls of teleportation
 n - a scroll of torment
 p - 5 scrolls of amnesia
 y - 2 scrolls of fog
 B - 2 scrolls of noise
 E - 2 scrolls of magic mapping
 J - 4 scrolls of enchant weapon
 N - 2 scrolls of silence
Potions
 b - 7 potions of magic
 d - 6 potions of heal wounds
 e - a potion of ambrosia
 f - a potion of haste
 o - 3 potions of lignification
 q - 2 potions of flight
 r - 3 potions of cancellation
 s - 8 potions of curing
 w - a potion of berserk rage
 x - 2 potions of attraction
 z - 3 potions of mutation
 F - a potion of invisibility
 V - a potion of brilliance
 W - a potion of might
Miscellaneous
 K - a box of beasts
 P - a phantom mirror
 U - a condenser vane


   Skills:
 * Level 7.1 Fighting
 + Level 6.7 Dodging
 + Level 10.5 Stealth
 - Level 5.4 Spellcasting
 - Level 7.9 Conjurations
 - Level 0.8 Transmutations
 - Level 7.4 Earth Magic
 - Level 8.8 Evocations


You had 10 spell levels left.
You knew the following spells:

 Your Spells              Type           Power      Damage    Failure   Level
a - Sandblast             Erth           100%       2d20      1%          1
b - Passwall              Tmut/Erth      36%        N/A       3%          2
c - Stone Arrow           Conj/Erth      100%       3d13      1%          3
d - Frozen Ramparts       Ice            20%        1d4       28%         3
e - Blink                 Tloc           20%        N/A       14%         2

Your spell library contained the following spells:

 Spells                   Type           Power      Damage    Failure   Level
 Kiss of Death            Conj/Necr      100%       2d13      2%          1
 Dazzling Flash           Conj/Hex       84%        N/A       7%          3
 Hailstorm                Conj/Ice       42%        3d10      7%          3
 Ensorcelled Hibernation  Hex/Ice        20%        N/A       14%         2
 Petrify                  Tmut/Erth      44%        N/A       17%         4
 Spider Form              Tmut/Pois      14%        N/A       24%         3
 Confusing Touch          Hex            10%        N/A       28%         3
 Ice Form                 Ice/Tmut       14%        N/A       58%         4
 Anguish                  Hex/Necr       5%         N/A       63%         4
 Dispel Undead            Necr           10%        3d9       63%         4
 Manifold Assault         Tloc           10%        N/A       63%         4
 Summon Ice Beast         Ice/Summ       10%        N/A       63%         4
 Agony                    Necr           10%        N/A       92%         5
 Silence                  Hex/Air        5%         N/A       92%         5
 Simulacrum               Ice/Necr       5%         N/A       100%        6
 Storm Form               Tmut/Air       7%         N/A       100%        7


Dungeon Overview and Level Annotations

Branches:
Dungeon (11/15)            Temple (0/1) D:5            Lair (2/5) D:11
 Shoals (0/4) Lair:2          Orc (0/2) D:11         Bailey (visited)
  Snake: Lair:2-3    Spider: Lair:2-3

Shops:
D:4 (?   D:5 *   D:9 ?=

Portals:
Trove: D:10 (give +3 storm dragon scales)

Annotations:
D:8 1 runed translucent door
Lair:1 2 transporters, xelsha's ghost, novice DEAE


Innate Abilities, Weirdness & Mutations

You have an increased reservoir of magic. (+10% MP)
You shall have no god before yourself.
Your divine heritage dramatically boosts your attributes as you level up.
You are somewhat resistant to further mutation.
Your spells are a little harder to cast, but a little more powerful.


Message History

Casting: Stone Arrow (safe; 1% risk of failure)
Confirm with . or Enter, or press ? or * to list all spells.
Aiming: Stone Arrow (safe; 1% risk of failure)
Press: ? - help, Shift-Dir - straight line, f/p - wolf spider
Aim: a wolf spider (heavily wounded, 78% to hit)
The stone arrow hits the wolf spider!
The wolf spider is severely wounded.
You feel very sick.
The wall freezes the wolf spider.
The wolf spider hits you! The wolf spider closely misses you.
The wall freezes the jumping spider.
The jumping spider pounces on you but does no damage.
The jumping spider bites you.
The wall freezes the redback.
The redback bites you.
You are lethally poisoned!
The redback poisons you!
The wall freezes the wolf spider but does no damage.
The wolf spider completely misses you. You block the wolf spider's attack.
The wall freezes the jumping spider but does no damage.
The jumping spider barely misses you. The jumping spider bites you.
* * * LOW HITPOINT WARNING * * *
Unknown command.
As you read the scroll of fear, it crumbles to dust.
You assume a fearsome visage.
The redback looks frightened!
The wolf spider looks frightened!
The jumping spider looks frightened!
* * * LOW HITPOINT WARNING * * *
You feel extremely sick.
The wall freezes the redback.
Your attack snaps the redback out of its fear.
The redback bites you.
* * * LOW HITPOINT WARNING * * *
The wall freezes the jumping spider.
Your attack snaps the jumping spider out of its fear.
The jumping spider pounces on you.
* * * LOW HITPOINT WARNING * * *
You are caught in a web!
The jumping spider bites you but does no damage.
The wall freezes the wolf spider.
Your attack snaps the wolf spider out of its fear.
The wolf spider hits you!
You die...

##.[#.......
##...#####....
###...## .....
#P...## ....
##...## #
#...###.../.
#...# ^.^s.#
#.s###..s^#
#@#.#.s...
##ss##s^.#
#..##^.^#
#......#
##.....#
#.....#
####.## #.##
###


You could see a wolf spider, a jumping spider and a redback.

Vanquished Creatures
  Fannar (D:10)
  2 two-headed ogres
  Amaemon (Lair:1)
  A skyshark (Lair:2)
  An ugly thing (D:11)
  A cyclops (D:11)
  A manticore (Lair:2)
  A black mamba (Lair:2)
  5 cane toads
  An orange demon (Lair:1)
  2 komodo dragons
  2 rime drakes
  A wind drake (Lair:2)
  3 trolls
  A polar bear (D:11)
  Sigmund (D:3)
  2 shadows (D:11)
  35 yaks
  3 steam dragons
  3 wraiths
  A culicivora (Lair:2)
  3 basilisks
  2 wyverns
  3 wargs (D:11)
  3 water moccasins
  Duvessa (D:5)
  2 ice beasts
  4 sky beasts
  11 orc warriors
  2 black bears (D:6)
  12 wolves
  An ogre (D:6)
  17 centaurs
  A kobold brigand (D:9)
  10 bullfrogs
  10 scorpions
  5 wights (D:9)
  3 jellies
  Dowan (D:5)
  14 killer bees
  An electric eel (D:10)
  2 howler monkeys (D:10)
  Crazy Yiuf (D:5)
  2 hounds
  2 gnoll boudas
  7 orc priests
  2 iguanas (D:6)
  Jessica (D:3)
  Natasha (thrice) (D:3)
  A sleepcap (D:6)
  11 orc wizards
  Robin (D:3)
  12 gnolls
  6 adders
  3 white imps
  2 worms
  6 dart slugs
  58 orcs
  5 ball pythons
  6 endoplasms
  10 giant cockroaches
  7 hobgoblins
  2 quokkas (D:2)
  12 bats
  5 frilled lizards
  14 goblins
  8 kobolds
  7 rats
  A bush (Lair:2)
372 creatures vanquished.

Vanquished Creatures (others)
  A jelly (D:5)
  4 fungi
  6 plants
11 creatures vanquished.

Grand Total: 383 creatures vanquished

Notes
Turn   | Place    | Note
-------+----------+-------------------------------------------
     0 | D:1      | manyhoops the Demigod Earth Elementalist began the quest
                  | for the Orb.
     0 | D:1      | Reached XP level 1. HP: 14/14 MP: 5/5
     6 | D:1      | Noticed an iguana
     6 | D:1      | Noticed a black bear
     6 | D:1      | Noticed a swamp drake
     6 | D:1      | Noticed a wolf
   203 | D:1      | Reached XP level 2. HP: 20/20 MP: 5/7
  1032 | D:2      | Reached XP level 3. HP: 22/26 MP: 6/9
  2028 | D:3      | Noticed Natasha
  2032 | D:3      | Killed Natasha
  2033 | D:3      | Reached XP level 4. HP: 33/33 MP: 9/11
  2135 | D:3      | Learned a level 2 spell: Passwall
  2139 | D:3      | Learned a level 3 spell: Stone Arrow
  2257 | D:3      | Noticed Natasha
  2274 | D:3      | Killed Natasha
  2275 | D:3      | Reached XP level 5. HP: 38/38 MP: 13/13
  2324 | D:3      | Noticed Natasha
  2324 | D:3      | Noticed Robin
  2334 | D:3      | Killed Natasha
  2658 | D:3      | Noticed Jessica
  2659 | D:3      | Killed Jessica
  2675 | D:3      | Noticed Sigmund
  2680 | D:3      | Killed Sigmund
  2681 | D:3      | Reached skill level 5 in Earth Magic
  2681 | D:3      | Reached XP level 6. HP: 45/45 MP: 12/15
  2790 | D:3      | Killed Robin
  2961 | D:3      | You fall into a shaft and drop 1 floor!
  3225 | D:4      | Found Difyall's Magic Scroll Shop.
  3236 | D:4      | Bought a scroll of identify for 28 gold pieces
  3236 | D:4      | Bought a scroll of fog for 56 gold pieces
  3262 | D:4      | Reached skill level 5 in Spellcasting
  3262 | D:4      | Reached XP level 7. HP: 27/50 MP: 15/17
  3421 | D:4      | Found Difi's Antique Weapon Emporium.
  3756 | D:5      | Entered Level 5 of the Dungeon
  4002 | D:5      | Noticed Dowan
  4004 | D:5      | Noticed Duvessa
  4038 | D:5      | Killed Duvessa
  4039 | D:5      | Reached skill level 2 in Stealth
  4039 | D:5      | Killed Dowan
  4040 | D:5      | Reached skill level 3 in Stealth
  4178 | D:5      | Found a runed translucent door.
  4179 | D:5      | Noticed Crazy Yiuf
  4294 | D:5      | Found a staircase to the Ecumenical Temple.
  4376 | D:5      | Found Titen's General Store.
  4382 | D:5      | Bought a potion of heal wounds for 55 gold pieces
  4980 | D:6      | Reached skill level 4 in Stealth
  5073 | D:6      | Reached skill level 1 in Fighting
  5073 | D:6      | Reached XP level 8. HP: 59/59 MP: 19/19
  5088 | D:6      | Reached skill level 5 in Stealth
  5104 | D:6      | Reached skill level 6 in Stealth
  5324 | D:6      | Reached skill level 7 in Stealth
  5838 | D:7      | Reached skill level 8 in Stealth
  6004 | D:7      | Reached XP level 9. HP: 35/67 MP: 20/20
  6655 | D:8      | Noticed a two-headed ogre
  6695 | D:8      | Found a flagged portal.
  6706 | Bailey   | Entered a bailey
  7113 | Bailey   | Gained mutation: Your spells are a little harder to cast,
                  | but a little more powerful. [potion of mutation]
  7113 | Bailey   | Gained mutation: You are somewhat resistant to further
                  | mutation. [potion of mutation]
  7130 | Bailey   | Reached skill level 9 in Stealth
  7431 | Bailey   | Identified the +5 triple sword "Sit Zaw" {drain, rC+ Str+4
                  | Int-2 Dex+7}
  7949 | Bailey   | Reached skill level 5 in Dodging
  8004 | Bailey   | Identified the +3 bardiche "Jeykiedu" {freeze, rCorr}
  8226 | D:8      | Killed a two-headed ogre
  8227 | D:8      | Reached skill level 10 in Stealth
  8227 | D:8      | Reached XP level 10. HP: 54/79 MP: 17/21
  8325 | D:8      | Identified the +6 spear of the Evening {holy, rElec rN+
                  | Int-3}
  8380 | D:8      | Found a runed translucent door.
  8382 | D:8      | Found a runed translucent door.
  8645 | D:5      | Killed Crazy Yiuf
  8712 | D:4      | Bought 3 scrolls of fear for 168 gold pieces
  8712 | D:4      | Bought a scroll of enchant armour for 105 gold pieces
  8847 | D:8      | Reached skill level 1 in Conjurations
  9567 | D:8      | Reached skill level 5 in Conjurations
 10076 | D:9      | Found Wuejiaho's Magic Scroll Shoppe.
 10079 | D:9      | Bought a scroll of identify for 32 gold pieces
 10079 | D:9      | Bought a scroll of teleportation for 48 gold pieces
 10079 | D:9      | Bought a scroll of identify for 32 gold pieces
 10772 | D:9      | Found Popra's One-of-a-Kind Rings.
 10830 | D:9      | Learned a level 3 spell: Frozen Ramparts
 10853 | D:10     | Entered Level 10 of the Dungeon
 10890 | D:10     | Noticed Fannar
 10949 | D:10     | Reached XP level 11. HP: 85/85 MP: 12/23
 10966 | D:10     | Killed Fannar
 11034 | D:10     | Found a portal to a secret trove of treasure.
 11681 | D:10     | Noticed a fire dragon
 12166 | D:11     | Found a staircase to the Lair.
 12190 | D:11     | Reached skill level 1 in Evocations
 12246 | D:11     | Noticed a two-headed ogre
 12250 | D:11     | Killed a two-headed ogre
 12597 | D:11     | Found a staircase to the Orcish Mines.
 12650 | D:11     | Reached skill level 5 in Evocations
 13036 | Lair:1   | Entered Level 1 of the Lair of Beasts
 13211 | Lair:1   | Noticed Amaemon
 13318 | Lair:1   | Paralysed by Amaemon for 2 turns
 13321 | Lair:1   | Killed Amaemon
 13457 | Lair:1   | Noticed xelsha's ghost (novice DEAE)
 13462 | Lair:1   | Found a transporter.
 13680 | Lair:1   | Reached XP level 12. HP: 81/92 MP: 18/24
 13735 | Lair:1   | Found a transporter.
 13839 | Lair:1   | Reached skill level 5 in Fighting
 14109 | Lair:1   | Identified the +1 leather armour of the End {Will+ Int+3}
 14752 | Lair:2   | Learned a level 2 spell: Blink
 14952 | Lair:2   | Found a staircase to the Shoals.
 15399 | Lair:2   | Slain by a wolf spider

Illustrated notes

Levels and vault maps discovered:
D:1:      onia_arrival_zoo_common, layout_loops_cross, grunt_decor_clamped,
          minmay_tall_x
D:2:      wad_river_or_something, layout_loops_ring
D:3:      layout_basic, mainiacjoe_overflow_24_doors, uniq_jessica, uniq_robin,
          uniq_natasha, uniq_sigmund
D:4:      layout_cave_pools, chequers_temple_overflow_minitemple, serial_shops,
          nicolae_shop_tiny_statue_garden, nrook_mini_backslash,
          nicolae_inconvenience_store, st_stairs_1
D:5:      layout_basic, grunt_gozag_statues, lemuel_temple_firewalk_a,
          serial_shops, shop, hellmonk_bongcloud_opening,
          uniq_crazy_yiuf_cottage, uniq_duvessa
D:6:      layout_gridville, slow_altar_2, corexii_shack, minmay_quadrilaterals
D:7:      layout_rooms, kennysheep_generic_room_6
D:8:      lemuel_insect_pit, layout_rooms, enter_bailey_3, abandoned_shop
D:9:      layout_basic, serial_shops, nicolae_shop_rolled_up,
          nicolae_shop_unique_rings, kennysheep_generic_room_10
D:10:     dragon1_lemuel, layout_basic, nicolae_trove_entry_crossroad,
          nicolae_elevator_lobby_asterisk, uniq_fannar
D:11:     layout_irregular_city, hellmonk_lair_entry_icy,
          minmay_orc_entry_guard_dogs
Lair:1:   layout_loops_ring, gammafunk_ghost_arena, uniq_amaemon
Lair:2:   layout_concentric_octagons, minmay_shoals_entry_beasts,
          spider_nest_entry_funnel_web, minmay_hedge_maze

Skill      XL: |  1  2  3  4  5  6  7  8  9 10 11 12 |
---------------+-------------------------------------+-----
Earth Magic    | 3 4 5 6 7 |  7.4
Spellcasting   | 2 3 4 5 |  5.4
Stealth        | 4 8 10 | 10.5
Dodging        | 2 3 5 6 |  6.7
Fighting       | 1 2 4 7 |  7.1
Conjurations   | 7 |  7.9
Evocations     | 8 |  8.8
Transmutations | |  0.8

Action                     |  1- 3 |  4- 6 |  7- 9 | 10-12 || total
---------------------------+-------+-------+-------+-------++-------
  Melee: Unarmed           |     3 |       |       |       ||     3
         Dagger            |     3 |       |       |       ||     3
         Short sword       |     1 |     3 |       |       ||     4
         Triple sword      |       |       |     1 |   386 ||   387
   Cast: Sandblast         |    67 |    75 |   182 |   116 ||   440
         Stone Arrow       |       |       |    39 |    70 ||   109
         Frozen Ramparts   |       |       |       |    12 ||    12
  Evoke: Wand              |       |       |       |     3 ||     3
    Use: Scroll            |       |     6 |     4 |    14 ||    24
         Potion            |       |     5 |     2 |     4 ||    11
   Stab: Sleeping          |       |       |       |     4 ||     4
         Distracted        |       |       |       |     4 ||     4
 Armour: Robe              |    12 |    13 |    10 |    29 ||    64
         Troll leather arm |       |       |       |   189 ||   189
  Dodge: Dodged            |    35 |    36 |    80 |   574 ||   725
  Block: Other             |       |       |     9 |   172 ||   181
         Reflection        |       |       |       |     3 ||     3
